 Dungeon Crawl Stone Soup version 0.31-a0-986-g5e6e4ef867 (webtiles) character file.

Game seed: 10801190910504939944

3614 timneilson the Ruffian (level 10, -12/68 HPs)
             Began as an Octopode Shapeshifter on Nov 4, 2023.
             Was an Initiate of Gozag.
             Mangled by a centaur
             ... wielding a +0 halberd
              (14 damage)
             ... in a bailey.
             The game lasted 00:22:08 (8437 turns).

timneilson the Ruffian (Octopode Shapeshifter)      Turns: 8437, Time: 00:22:09

Health: -12/68     AC:  1    Str: 19    XL:     10   Next: 11%
Magic:  14/14      EV: 15    Int: 14    God:    Gozag
Gold:   358        SH:  0    Dex: 11    Spells: 10/15 levels left

rFire   + .          .
                       - Unarmed
rCold   . . .        (no shield)
rNeg    + + .        (helmet currently unavailable)
rPois   .            y - amulet "Nanyoq" {RegenMP Str+2}
rElec   .            f - ring of protection from fire
rCorr   .            i - +4 ring of slaying
SInv    +            s - ring of see invisible
Will    .....        v - ring of flight
Stlth   +++++        w - ring of positive energy
HPRegen 0.31/turn    E - ring of positive energy
MPRegen 0.54/turn    (no ring)
                     (no ring)

%: no passive effects
@: beast-form, flying, invisible
A: beast (slay +3), almost no armour, amphibious, 8 rings, camouflage 1,
gelatinous body 1, nimble swimmer 1, tentacles
a: Begin Untransformation, Renounce Religion, Potion Petition, Call Merchant,
Bribe Branch


You were in a bailey.
You worshipped Gozag.
Gozag was aware of your devotion.
You were a hulking beast.
You visited 2 branches of the dungeon, and saw 9 of its levels.
You also visited: Ossuary and Bailey.

You collected 1084 gold pieces.
You paid 726 gold pieces to Gozag.

Inventory:

Missiles
 p - a throwing net
Armour
 k - a +1 tower shield
Jewellery
 f - a ring of protection from fire (left tentacle)
 i - a +4 ring of slaying (right tentacle)
 s - a ring of see invisible (on tentacle)
 v - a ring of flight (on tentacle)
 w - a ring of positive energy (on tentacle)
 x - an amulet of the acrobat
 y - the amulet "Nanyoq" (around mantle) {RegenMP Str+2}
   (You found it on level 5 of the Dungeon)

   [amulet of magic regeneration]

   RegenMP:   It increases your rate of magic regeneration.
   Str+2:     It affects your strength (+2).
 E - a ring of positive energy (on tentacle)
Talismans
 b - a beast talisman
 c - a flux talisman
 C - a maw talisman
Scrolls
 d - a scroll of poison
 g - 2 scrolls of amnesia
 l - a scroll of fear
 m - 3 scrolls of vulnerability
 q - 2 scrolls of noise
 t - a scroll of revelation
 u - 2 scrolls of enchant weapon
 B - a scroll of identify
 D - a scroll of torment {unknown}
Potions
 a - a potion of enlightenment
 e - a potion of ambrosia
 h - 3 potions of resistance
 o - 4 potions of might
 r - a potion of cancellation
 z - a potion of mutation {unknown}
 A - a potion of haste {unknown}


   Skills:
 * Level 5.7 Fighting
 * Level 6.0 Dodging
 + Level 5.5 Stealth
 + Level 3.4 Shields
 * Level 6.5 Unarmed Combat
 + Level 3.1 Spellcasting
 + Level 3.5 Translocations
 + Level 2.8 Air Magic
 * Level 6.0 Shapeshifting


You had 10 spell levels left.
You knew the following spells:

 Your Spells              Type           Power      Damage    Failure   Level
a - Blink                 Tloc           24%        N/A       8%          2
b - Swiftness             Air            10%        N/A       19%         3

Your spell library contained the following spells:

 Spells                   Type           Power      Damage    Failure   Level
 Ensorcelled Hibernation  Hex/Ice        4%         N/A       32%         2
 Jinxbite                 Hex            4%         N/A       32%         2
 Passwall                 Tmut/Erth      1%         N/A       32%         2
 Sublimation of Blood     Necr           2%         N/A       32%         2
 Wereblood                Tmut           2%         N/A       32%         2
 Manifold Assault         Tloc           12%        N/A       45%         4
 Inner Flame              Hex/Fire       2%         N/A       54%         3
 Anguish                  Hex/Necr       1%         N/A       91%         4
 Yara's Violent Unravell  Hex/Tmut       1%         3d3       99%         5
 Enfeeble                 Hex            1%         N/A       100%        7
 Summon Hydra             Summ           1%         N/A       100%        7


Dungeon Overview and Level Annotations

Branches:
Dungeon (8/15)             Temple (1/1) D:4         Ossuary (visited)
 Bailey (1/1)
   Lair: D:8-11

Altars:
Ashenzari
Cheibriados
Dithmenos
Elyvilon
Fedhas
Gozag
Hepliaklqana
Makhleb
Nemelex Xobeh
Okawaru
Qazlal
Ru
Sif Muna
Trog
Uskayaw
Vehumet
Wu Jian
Xom
Yredelemnul
The Shining One

Shops:
D:7 :

Annotations:
D:4 3 runed translucent doors, math4jedi's ghost, amateur MiBe
D:7 2 transporters, Gormless's ghost, novice FeCK


Innate Abilities, Weirdness & Mutations

You are a hulking beast.
Your limbs bulge with bestial killing power. (Slay +3)
You cannot wear most types of armour.
You are amphibious.
You can wear up to eight rings at the same time.
Your skin changes colour to match your surroundings (Stealth+).
Your rubbery body absorbs attacks. (AC +1, EV +1)
You are camouflaged when in or above water. (Stealth+)
You have tentacles for arms and can constrict up to eight enemies at once.


Message History

The centaur closely misses you. The centaur barely misses you.
The centaur misses you. The centaur closely misses you.
You tentacle-slap the centaur but do no damage.
You squeeze the centaur, but do no damage.
The centaur is moderately wounded.
The centaur throws a javelin.
The orc is distracted by your dazzling golden aura.
You barely miss the centaur.
The orc shouts!
You tentacle-slap the centaur!
The centaur is heavily wounded.
The centaur barely misses you. The centaur misses you.
You tentacle-slap the centaur but do no damage.
The centaur is heavily wounded.
The centaur misses you. The centaur kicks you.
* * * LOW HITPOINT WARNING * * *
The orc is distracted by your dazzling golden aura.
The orc shouts!
You tentacle-slap the centaur.
The centaur is severely wounded.
You hear a shout!
Unknown command.
You tentacle-slap the centaur but do no damage.
The centaur is heavily wounded.
The orc is no longer distracted by gold.
The centaur barely misses you. The centaur kicks you.
* * * LOW HITPOINT WARNING * * *
Unknown command.
You tentacle-slap the centaur.
The centaur is severely wounded.
The orc is no longer distracted by gold.
The centaur closely misses you. The centaur barely misses you.
The orc is distracted by your dazzling golden aura.
You barely miss the centaur.
The centaur is severely wounded.
The centaur completely misses you. The centaur kicks you.
* * * LOW HITPOINT WARNING * * *
The centaur hits you with a +0 halberd!
You die...
Your body crumbles into a pile of gold.

#.≈≈.≈≈≈.≈≈≈o≈≈.
##.≈.≈≈.....≈≈.≈.
#.≈≈.≈.≈≈≈≈≈.≈.≈≈
#.≈.≈≈.≈...≈.≈≈.≈
#.≈.≈o≈≈...≈≈.≈.≈
#.≈.≈o≈.⌠∩⌠.≈.≈.≈
#$≈.≈o≈..∩..≈.≈.≈
#.≈$≈.≈.⌠∩⌠.≈.≈.≈
#$h.≈o≈≈...≈≈.≈.≈
#.≈c≈≈o≈...≈.≈≈.≈
#.≈≈.≈.≈≈.≈≈.≈.≈≈
+..≈.≈≈.≈.≈.≈≈.≈.
#.....≈≈...≈≈o...
#......≈≈≈≈≈.....
#≈≈≈≈.........≈≈
####≈≈⌠$...$⌠≈≈
##≈≈≈$.$≈


You could see a centaur (unable to see you) and 5 orcs.

Vanquished Creatures
  5 yaks
  Edmund (D:5)
  4 ice beasts
  4 ogres
  A black bear (D:5)
  2 centaurs
  2 kobold brigands (D:7)
  A phantom (D:6)
  A bullfrog (D:6)
  2 gnoll sergeants
  4 scorpions
  4 killer bees (D:7)
  3 centaur zombies
  4 jellies
  A human zombie (Ossuary)
  3 orc priests
  3 hounds
  3 iguanas
  Terence (D:3)
  2 orc wizards
  3 hound zombies
  4 mummies
  3 adders
  9 gnolls
  2 shadow imps
  4 white imps
  2 ufetubi (D:5)
  3 adder zombies (Ossuary)
  3 worms
  A dart slug (D:5)
  23 orcs
  8 ball pythons
  4 bats
  15 endoplasms
  5 giant cockroaches
  2 gnoll zombies (Ossuary)
  9 hobgoblins
  9 quokkas
  3 frilled lizards
  4 goblins
  3 goblin zombies (Ossuary)
  6 hobgoblin zombies (Ossuary)
  4 jackal zombies (Ossuary)
  16 kobolds
  4 kobold zombies
  2 orc zombies (Ossuary)
  3 quokka zombies (Ossuary)
  4 rats
  3 rat zombies (Ossuary)
212 creatures vanquished.

Notes
Turn   | Place    | Note
-------+----------+-------------------------------------------
     0 | D:1      | timneilson the Octopode Shapeshifter began the quest for
                  | the Orb.
     0 | D:1      | Reached XP level 1. HP: 13/13 MP: 1/1
   327 | D:1      | Reached XP level 2. HP: 13/18 MP: 2/2
   711 | D:1      | Found a faded altar of an unknown god.
   845 | D:1      | Reached XP level 3. HP: 23/23 MP: 3/3
  1455 | D:2      | Reached skill level 1 in Stealth
  1854 | D:2      | Learned a level 2 spell: Blink
  2027 | D:3      | Reached XP level 4. HP: 29/29 MP: 4/4
  2190 | D:3      | Noticed Terence
  2200 | D:3      | Killed Terence
  2432 | D:4      | Noticed an ogre
  2441 | D:4      | Killed an ogre
  2442 | D:4      | Reached skill level 1 in Shields
  2442 | D:4      | Reached skill level 1 in Spellcasting
  2442 | D:4      | Reached XP level 5. HP: 34/34 MP: 6/6
  2472 | D:4      | Reached XP level 6. HP: 33/41 MP: 7/7
  2493 | D:4      | Found a sand-covered staircase.
  2498 | D:4      | Reached skill level 1 in Translocations
  2500 | Ossuary  | Entered an ossuary
  2940 | Ossuary  | Reached XP level 7. HP: 45/45 MP: 9/9
  3265 | D:4      | Found a staircase to the Ecumenical Temple.
  3275 | Temple   | Entered the Ecumenical Temple
  3289 | Temple   | Became a worshipper of Gozag Ym Sagoz the Greedy
  3328 | D:4      | Identified the +2 leather armour of Elyvilon's Envy {Dex+3}
  3414 | D:4      | Learned a level 3 spell: Swiftness
  3548 | D:4      | Found a runed translucent gate.
  3548 | D:4      | Found a runed translucent gate.
  3548 | D:4      | Found a runed translucent gate.
  3548 | D:4      | Noticed math4jedi's ghost (amateur MiBe)
  3551 | D:4      | Found a basalt altar of Yredelemnul.
  3822 | D:4      | Found a sparkling altar of Nemelex Xobeh.
  3822 | D:4      | Found a shimmering altar of Xom.
  3889 | D:4      | Found a sacrificial altar of Ru.
  3889 | D:4      | Found a radiant altar of Vehumet.
  3896 | D:4      | Found an iron altar of Okawaru.
  3898 | D:4      | Found a hide-covered altar of Uskayaw.
  3900 | D:4      | Found a bloodstained altar of Trog.
  3996 | D:5      | Entered Level 5 of the Dungeon
  4223 | D:5      | Reached XP level 8. HP: 45/52 MP: 10/10
  4299 | D:5      | Noticed Edmund
  4459 | D:5      | Reached skill level 1 in Air Magic
  4770 | D:5      | Found a stormy altar of Qazlal.
  4771 | D:5      | Noticed an air elemental
  4771 | D:5      | Noticed a water elemental
  4924 | D:5      | Reached skill level 5 in Unarmed Combat
  4985 | D:5      | Killed Edmund
  5180 | D:5      | Identified the amulet "Nanyoq" {RegenMP Str+2}
  5372 | D:6      | Noticed a yak
  5372 | D:6      | Noticed a yak
  5372 | D:6      | Noticed a yak
  5372 | D:6      | Noticed a yak
  5413 | D:6      | Reached skill level 5 in Shapeshifting
  5640 | D:6      | Reached XP level 9. HP: 48/59 MP: 12/12
  5780 | D:6      | Reached skill level 5 in Dodging
  5863 | D:6      | HP: 2/59 [ice beast (9)]
  6523 | D:5      | Reached skill level 5 in Fighting
  7076 | D:6      | Reached skill level 5 in Stealth
  7250 | D:7      | Identified the of Sipruow
  7609 | D:7      | Noticed a troll
  7641 | D:7      | Reached XP level 10. HP: 6/66 MP: 14/14
  8080 | D:7      | Found a transporter.
  8200 | D:7      | Found a transporter.
  8212 | D:7      | Noticed Gormless's ghost (novice FeCK)
  8225 | D:7      | Noticed a moth of wrath
  8313 | D:7      | Noticed a five-headed hydra
  8395 | D:8      | Found a flagged portal.
  8400 | Bailey   | Entered a bailey
  8435 | Bailey   | HP: 3/68 [centaur/+0 halberd (3)]
  8437 | Bailey   | Mangled by a centaur

Illustrated notes

Levels and vault maps discovered:
D:1:      shiori_shiawase, layout_basic, shapermc_ecumenical_altar_petra
D:2:      layout_basic
D:3:      layout_rooms, uniq_terence
D:4:      layout_loops_ring, nicolae_yredelemnul_ghost_church,
          chequers_temple_overflow_minitemple, gammafunk_temple_overflow_statue,
          minmay_temple_entry_waves, nicolae_ossuary_entry_giza,
          hangedman_decor_slide_cut
D:5:      layout_basic, nicolae_qazlal_style_of_elements, uniq_edmund
D:6:      layout_gridville
D:7:      minmay_the_grid_plus [minmay_the_grid_diamond_grid,
          minmay_the_grid_outer_circle, minmay_the_grid_dragon_b,
          minmay_the_grid_fan, minmay_the_grid_prize_diamond_cup], layout_basic,
          gammafunk_ghost_berserking_beasts
D:8:      layout_rooms, enter_bailey_4, uniq_prince_ribbit1
Temple:   jpeg_temple_clearing
Bailey:   bailey_polearm_flooded_kennysheep, bailey

Skill      XL: |  1  2  3  4  5  6  7  8  9 10 |
---------------+-------------------------------+-----
Stealth        | 1 2 3 4 5 |  5.5
Fighting       | 2 3 4 5 |  5.7
Dodging        | 3 4 5 6 |  6.0
Shields        | 1 2 3 |  3.4
Spellcasting   | 1 2 3 |  3.1
Translocations | 1 2 3 |  3.5
Unarmed Combat | 4 5 6 |  6.5
Shapeshifting  | 4 5 6 |  6.0
Air Magic      | 1 2 |  2.8

Action                     |  1- 3 |  4- 6 |  7- 9 | 10-12 || total
---------------------------+-------+-------+-------+-------++-------
  Melee: Unarmed           |    74 |   105 |   207 |    52 ||   438
         Tentacles         |    10 |    27 |    48 |    10 ||    95
         Constrict         |    15 |    32 |    40 |    12 ||    99
         Punch             |     2 |     5 |    10 |     2 ||    19
 Invoke: Call Merchant     |       |       |     1 |       ||     1
    Use: Scroll            |     7 |     1 |    13 |     1 ||    22
         Potion            |       |     1 |     2 |     4 ||     7
   Stab: Sleeping          |    13 |    11 |    18 |     2 ||    44
         Distracted        |       |       |     1 |       ||     1
 Armour: Skin              |    23 |    44 |    94 |    35 ||   196
  Dodge: Dodged            |    39 |    30 |   122 |    56 ||   247

Table legend: (Time is in decaauts)
 A = Elapsed time spent in this place.
 B = Non-inter-level travel time spent in this place.
 C = Inter-level travel time spent in this place.
 D = Time resting spent in this place.
 E = Time spent auto-exploring this place.
 F = Levels seen in this place.
 G = Mean time per level.
                   A        B        C        D        E       F      G
               +--------+--------+--------+--------+--------+-----+--------+
         Total |   8400 |   8182 |    218 |   1752 |   3746 |  11 |  763.6 |
       Dungeon |   7781 |   7576 |    205 |   1500 |   3746 |   8 |  972.6 |
        Temple |     28 |     15 |     13 |      0 |      0 |   1 |   28.0 |
       Ossuary |    554 |    554 |      0 |    252 |      0 |   1 |  554.0 |
        Bailey |     35 |     35 |      0 |      0 |      0 |   1 |   35.0 |
               +--------+--------+--------+--------+--------+-----+--------+

Top non-repeatable levels by time:
     D:5: 1976 daAuts
     D:4: 1286 daAuts
     D:7: 1094 daAuts
     D:1: 1093 daAuts
     D:6: 962 daAuts
     D:2: 813 daAuts
 Ossuary: 554 daAuts
     D:3: 507 daAuts
     D:8: 47 daAuts
  Bailey: 35 daAuts
  Temple: 28 daAuts
